 Dungeon Crawl Stone Soup version 0.30.1-3-gfc49f6343a (webtiles) character file.

Game seed: 9746442421409801971

1697 spardeous the Geomancer (level 8, -2/63 HPs)
             Began as a Demigod Earth Elementalist on July 22, 2023.
             Slain by a gnoll sergeant
             ... wielding a +0 spear of venom
              (9 damage)
             ... on level 5 of the Dungeon.
             The game lasted 00:06:29 (4809 turns).

spardeous the Geomancer (DgEE)                      Turns: 4809, Time: 00:06:30

Health: -2/63      AC:  4    Str:  9    XL:     8   Next: 44%
Magic:  14/18      EV: 11    Int: 25    God:
Gold:   95         SH:  0    Dex: 14    Spells: 11/15 levels left

rFire   . . .        B - +2 whip (flame)
rCold   . . .        (no shield)
rNeg    . . .        l - +0 leather armour
rPois   .            (no helmet)
rElec   .            (no cloak)
rCorr   .            (no gloves)
SInv    .            u - +0 pair of boots
Will    .....        x - amulet of the acrobat
Stlth   ++           c - ring of wizardry
HPRegen 0.30/turn    (no ring)
MPRegen 0.16/turn

%: acrobat, wizardry (x1)
@: lethally poisoned (-2 -> -15)
A: high MP 1, forlorn, divine attributes
a: no special abilities


You were on level 5 of the Dungeon.
You visited 1 branch of the dungeon, and saw 5 of its levels.
You also visited: Ossuary.

You collected 95 gold pieces.

Inventory:

Hand Weapons
 B - a +2 whip of flaming (weapon)
Armour
 a - a +0 robe
 l - a +0 leather armour (worn)
 u - a +0 pair of boots (worn)
Jewellery
 c - a ring of wizardry (left hand)
 x - an amulet of the acrobat (around neck)
 C - a ring of positive energy
 D - a +6 ring of strength
Wands
 t - a wand of charming (17)
Scrolls
 h - a scroll of noise {unknown}
 i - 2 scrolls of teleportation {unknown}
 k - 2 scrolls of vulnerability {unknown}
 m - a scroll of enchant weapon {unknown}
 n - 5 scrolls of identify {unknown}
 o - a scroll of magic mapping {unknown}
 p - a scroll of torment {unknown}
 q - 4 scrolls of immolation {unknown}
 s - 2 scrolls of fear {unknown}
 w - a scroll of enchant armour {unknown}
 y - a scroll of amnesia {unknown}
Potions
 b - 2 potions of magic
 d - a potion of degeneration {unknown}
 e - 3 potions of berserk rage {unknown}
 f - 3 potions of cancellation {unknown}
 g - 2 potions of ambrosia {unknown}
 j - a potion of invisibility {unknown}
 r - 4 potions of curing {unknown}
 v - a potion of heal wounds {unknown}
 z - a potion of lignification {unknown}
 A - 2 potions of might {unknown}


   Skills:
 - Level 3.3 Fighting
 + Level 3.6 Armour
 - Level 1.7 Dodging
 - Level 1.7 Stealth
 - Level 4.4 Spellcasting
 - Level 0.8 Transmutations
 - Level 8.0 Earth Magic


You had 11 spell levels left.
You knew the following spells:

 Your Spells              Type           Power      Damage    Failure   Level
a - Sandblast             Erth           90%        2d19      1%          1
b - Stone Arrow           Conj/Erth      50%        3d10      2%          3

Your spell library contained the following spells:

 Spells                   Type           Power      Damage    Failure   Level
 Passwall                 Tmut/Erth      22%        N/A       1%          2
 Beastly Appendage        Tmut           18%        N/A       3%          1
 Magic Dart               Conj           20%        1d4       4%          1
 Wereblood                Tmut           9%         N/A       5%          2
 Call Imp                 Summ           10%        N/A       8%          2
 Petrify                  Tmut/Erth      27%        N/A       8%          4
 Spider Form              Tmut/Pois      7%         N/A       12%         3
 Mephitic Cloud           Conj/Pois/Air  5%         N/A       14%         3
 Ozocubu's Armour         Ice            5%         N/A       14%         3
 Ozocubu's Refrigeration  Ice            2%         4d8       100%        7


Dungeon Overview and Level Annotations

Branches:
Dungeon (5/15)            Ossuary (visited)
 Temple: D:4-7

Shops:
D:5 =!


Innate Abilities, Weirdness & Mutations

You have an increased reservoir of magic. (+10% MP)
You shall have no god before yourself.
Your divine heritage dramatically boosts your attributes as you level up.


Message History

Aim: a gnoll sergeant, wielding a +0 spear of venom and wearing a +3 scale mail (lightly wounded, 89% to hit)
The blast of sand hits the gnoll sergeant but does no damage.
The gnoll sergeant is lightly wounded.
You feel very sick.
The gnoll sergeant hits you from afar with a +0 spear of venom!
You are more poisoned.
You take 14 damage, and have 46/63 hp.
MASSIVE DAMAGE!!
You now have 16/18 mp.
Casting: Sandblast (safe; 1% risk of failure)
Confirm with . or Enter, or press ? or * to list all spells.
Aiming: Sandblast (safe; 1% risk of failure)
Press: ? - help, Shift-Dir - straight line, f/p - gnoll sergeant
Aim: a gnoll sergeant, wielding a +0 spear of venom and wearing a +3 scale mail (lightly wounded, 89% to hit)
The blast of sand hits the gnoll sergeant but does no damage.
The gnoll sergeant is lightly wounded.
You feel very sick.
The gnoll sergeant hits you from afar with a +0 spear of venom! x2
* * * LOW HITPOINT WARNING * * *
You are lethally poisoned!
Casting: Sandblast (safe; 1% risk of failure)
Confirm with . or Enter, or press ? or * to list all spells.
Aiming: Sandblast (safe; 1% risk of failure)
Press: ? - help, Shift-Dir - straight line, f/p - gnoll sergeant
Aim: a gnoll sergeant, wielding a +0 spear of venom and wearing a +3 scale mail (lightly wounded, 89% to hit)
The blast of sand hits the gnoll sergeant!!
The gnoll sergeant is severely wounded.
* * * LOW HITPOINT WARNING * * *
You feel extremely sick. The gnoll sergeant closely misses you.
You take 32 damage, and have 14/63 hp.
MASSIVE DAMAGE!!
You now have 15/18 mp.
Casting: Sandblast (safe; 1% risk of failure)
Confirm with . or Enter, or press ? or * to list all spells.
Aiming: Sandblast (safe; 1% risk of failure)
Press: ? - help, Shift-Dir - straight line, f/p - gnoll sergeant
Aim: a gnoll sergeant, wielding a +0 spear of venom and wearing a +3 scale mail (severely wounded, 89% to hit)
The blast of sand hits the gnoll sergeant.
The gnoll sergeant is almost dead.
* * * LOW HITPOINT WARNING * * *
You feel extremely sick.
The gnoll sergeant hits you from afar with a +0 spear of venom!
You die...

.....#.# ...###
##.....## .###.###
#...#####.......# <.# ..
####....#......#.### ..#
..#.#.....#....#.#.####
.....
.......#.....#......#..
####. .
#........#......... # .
... ##.[##..........##.
# .
.....#..####...<........
#..
.......@'g.##.......†...
...
.......†'..##.#........#
#..
........####.......#.###
#.. .........
..........# # .........
..........# ##
.......... ........###
^.. ..........
####......# ...
................
#.......# #.. ..........
###....>..#


You could see a gnoll sergeant.

Vanquished Creatures
  Pikel (D:4)
  A black bear (D:5)
  3 lemures (D:4)
  A phantom (D:4)
  2 scorpions (D:5)
  4 water moccasin zombies (Ossuary)
  3 hounds
  2 orc priests (D:4)
  2 gnoll boudas
  A jelly (D:5)
  A sleepcap (D:5)
  Terence (D:3)
  2 iguanas (D:5)
  3 orc wizards (D:4)
  2 mummies (Ossuary)
  13 gnolls
  8 adders
  4 adder zombies (Ossuary)
  2 worms
  2 dart slugs
  5 orcs
  3 endoplasms (D:4)
  3 giant cockroaches
  4 gnoll zombies (Ossuary)
  4 goblins
  7 hobgoblins
  5 jackals
  3 quokkas
  8 ball pythons
  4 bats
  2 frilled lizards
  4 hobgoblin zombies (Ossuary)
  6 kobolds
  5 kobold zombies (Ossuary)
  7 orc zombies (Ossuary)
  3 rats
131 creatures vanquished.

Notes
Turn   | Place    | Note
-------+----------+-------------------------------------------
     0 | D:1      | spardeous the Demigod Earth Elementalist began the quest
                  | for the Orb.
     0 | D:1      | Reached XP level 1. HP: 14/14 MP: 5/5
   175 | D:1      | Reached skill level 3 in Earth Magic
   411 | D:1      | Reached XP level 2. HP: 20/20 MP: 5/7
   920 | D:2      | Reached XP level 3. HP: 26/26 MP: 6/8
   957 | D:2      | Reached skill level 4 in Earth Magic
   973 | D:2      | Learned a level 3 spell: Stone Arrow
  1839 | D:3      | Reached XP level 4. HP: 33/33 MP: 7/9
  1918 | D:3      | Noticed Terence
  1925 | D:3      | Killed Terence
  1926 | D:3      | Reached skill level 5 in Earth Magic
  2407 | D:4      | Noticed Pikel
  2407 | D:4      | Noticed a lemure
  2407 | D:4      | Noticed a lemure
  2407 | D:4      | Noticed a lemure
  2407 | D:4      | Noticed a lemure
  2509 | D:4      | Reached XP level 5. HP: 24/38 MP: 3/11
  2667 | D:4      | Found a sand-covered staircase.
  2684 | Ossuary  | Entered an ossuary
  2714 | Ossuary  | Reached XP level 6. HP: 21/45 MP: 4/15
  3009 | Ossuary  | Reached skill level 1 in Fighting
  3312 | D:4      | Reached XP level 7. HP: 54/57 MP: 12/16
  3834 | D:4      | Killed Pikel
  3835 | D:4      | Reached skill level 7 in Earth Magic
  3835 | D:4      | Reached XP level 8. HP: 40/63 MP: 14/18
  4159 | D:5      | Entered Level 5 of the Dungeon
  4267 | D:5      | Reached skill level 8 in Earth Magic
  4275 | D:5      | Reached skill level 1 in Armour
  4507 | D:5      | Found Queneci's Jewellery Shop.
  4571 | D:5      | Found Goreck's Distillery.
  4809 | D:5      | Slain by a gnoll sergeant

Illustrated notes

Levels and vault maps discovered:
D:1:      eino_arrival_cavern_a, layout_basic, hangedman_abyss_or_decor_stabs
D:2:      layout_basic, grunt_ministairs_11
D:3:      layout_basic, nicolae_overflow_two_pavilions, uniq_terence
D:4:      layout_basic, nicolae_ossuary_entry_monument, uniq_pikel
D:5:      layout_cave_pools, old_standard_altar, serial_gnoll_camp,
          gnoll_camp_mini_basic, gnoll_camp_mini_shop, gnoll_camp_mini_shop,
          gnoll_camp_mini_hut, chequers_serial_rivers_micro_a,
          kennysheep_nondescript, amcnicky_mini_pool_small

Skill      XL: |  1  2  3  4  5  6  7  8 |
---------------+-------------------------+-----
Earth Magic    | 3 4 5 7 8 |  8.0
Spellcasting   | 2 4 |  4.4
Fighting       | 3 |  3.3
Armour         | 3 |  3.6
Dodging        | |  1.7
Stealth        | |  1.7
Transmutations | |  0.8

Action                     |  1- 3 |  4- 6 |  7- 9 || total
---------------------------+-------+-------+-------++-------
  Melee: Unarmed           |     4 |     3 |       ||     7
         Whip              |       |       |     1 ||     1
   Cast: Sandblast         |    58 |    99 |    73 ||   230
 Armour: Leather armour    |     3 |    12 |    10 ||    25
         Robe              |     1 |       |       ||     1
  Dodge: Dodged            |    14 |    28 |    22 ||    64
